 Dungeon Crawl Stone Soup version 0.28.0-45-g0d030f2227 (webtiles) character file.

Game seed: 1195157911825128268

16 seaoflcl the Shield-Bearer (level 2, -2/24 HPs)
             Began as a Human Fighter on Apr 12, 2022.
             Succumbed to a scorpion's poison
             ... on level 3 of the Dungeon.
             The game lasted 00:01:45 (1605 turns).

seaoflcl the Shield-Bearer (Human Fighter)          Turns: 1605, Time: 00:01:46

Health: -2/24      AC:  8    Str: 16    XL:     2   Next: 75%
Magic:  2/2        EV:  8    Int:  8    God:
Gold:   64         SH:  4    Dex: 12    Spells: 1/1 levels left

rFire   . . .      SeeInvis .   b - +0 long sword
rCold   . . .      Faith    .   c - +0 buckler
rNeg    . . .      Spirit   .   m - +0 scale mail
rPois   .          Reflect  .   (no helmet)
rElec   .          Harm     .   j - +0 cloak
rCorr   .          Rampage  .   (no gloves)
Will    .....                   (no boots)
Stlth   ..........              (no amulet)
HPRegen 0.08/turn               (no ring)
MPRegen 0.08/turn               (no ring)

@: lethally poisoned (-2 -> -16)
A: no striking features
a: no special abilities


You were on level 3 of the Dungeon.
You visited 1 branch of the dungeon, and saw 3 of its levels.

You collected 64 gold pieces.

Inventory:

Hand Weapons
 a - a +0 hunting sling
 b - a +0 long sword (weapon)
Missiles
 e - 42 sling bullets
Armour
 c - a +0 buckler (worn)
 j - a +0 cloak (worn)
 m - a +0 scale mail (worn)
Scrolls
 g - a scroll of immolation {unknown}
 h - a scroll of holy word {unknown}
 i - 6 scrolls of teleportation {unknown}
 l - a scroll of brand weapon {unknown}
Potions
 d - a potion of might
 f - a potion of heal wounds {unknown}
 k - a potion of curing {unknown}


   Skills:
 + Level 3.1 Fighting
 + Level 2.3 Long Blades
 + Level 3.2 Armour
 + Level 3.2 Shields


You had one spell level left.
You didn't know any spells.
Your spell library contained the following spells:

 Spells                   Type           Power      Damage    Failure   Level
 Ozocubu's Armour         Ice            0%         N/A       99%         3
 Ozocubu's Refrigeration  Ice            0%         4d5       100%        7


Dungeon Overview and Level Annotations

Branches:
Dungeon (3/15)

Altars:
Cheibriados


Message History

The scorpion is heavily wounded.
You feel sick. The scorpion barely misses you. The scorpion stings you.
You barely miss the scorpion.
The scorpion is heavily wounded.
You feel sick. The scorpion completely misses you.
You hit the scorpion but do no damage.
The scorpion is heavily wounded.
You feel sick.
The scorpion stings you but does no damage. x2
You barely miss the scorpion.
The scorpion is heavily wounded.
You feel sick.
The scorpion stings you but does no damage. x2
You closely miss the scorpion.
The scorpion is heavily wounded.
You feel sick.
You are no longer poisoned.
The scorpion stings you.
* * * LOW HITPOINT WARNING * * *
You closely miss the scorpion.
The scorpion is heavily wounded.
You block the scorpion's attack. The scorpion barely misses you.
You hit the scorpion.
The scorpion is severely wounded.
The scorpion stings you but does no damage.
You hit the scorpion.
The scorpion is almost dead.
The scorpion barely misses you. You block the scorpion's attack.
You hit the scorpion but do no damage.
The scorpion is almost dead.
The scorpion stings you.
* * * LOW HITPOINT WARNING * * *
You are lethally poisoned!
The scorpion poisons you!
The scorpion stings you but does no damage.
Unknown command.
Unknown command.
Welcome back, seaoflcl the Human Fighter.
Press ? for a list of commands and other information.
You die...

... #. ##.##.###
......... ##.#....##
...<..#.. ##
##......## ..
.........######.#####
.......<)#...$s...(.(
.......)....@......(.
.........#########...
..........##### .
####..........#
#..........#
#..........#
#....>.....#
############


You could see a scorpion.

Vanquished Creatures
  3 ball pythons
  2 bats
  An endoplasm (D:3)
  A giant cockroach (D:1)
  2 goblins
  A hobgoblin (D:1)
  A quokka (D:1)
  4 kobolds
15 creatures vanquished.

Notes
Turn   | Place    | Note
-------+----------+-------------------------------------------
     0 | D:1      | seaoflcl the Human Fighter began the quest for the Orb.
     0 | D:1      | Reached XP level 1. HP: 18/18 MP: 1/1
   398 | D:1      | Reached XP level 2. HP: 24/24 MP: 2/2
  1093 | D:2      | Found a snail-covered altar of Cheibriados.
  1583 | D:3      | Noticed a scorpion
  1604 | D:3      | HP: 1/24 [scorpion (4)]
  1605 | D:3      | Succumbed to a scorpion's poison

Illustrated notes

Levels and vault maps discovered:
D:1:      lemuel_arrival_funnel, layout_loops_corners
D:2:      layout_basic, basic_altar
D:3:      layout_rooms

Action                   || total
-------------------------++-------
Melee: Long sword        ||    61
 Fire: Hunting sling     ||     4
Armor: Scale mail        ||    41
Dodge: Dodged            ||    30
Block: Buckler           ||    18
